 Dungeon Crawl Stone Soup version 0.22-a0-448-g1fb7470 (webtiles) character file.

429 iamserjio the Ruffian (level 6, -4/62 HPs)
             Began as a Troll Fighter on June 4, 2018.
             Slain by a killer bee (6 damage)
             ... on level 5 of the Dungeon.
             The game lasted 00:06:36 (2508 turns).

iamserjio the Ruffian (Troll Fighter)               Turns: 2508, Time: 00:06:36

Health: -4/62      AC:  5    Str: 25    XL:     6   Next: 66%
Magic:  5/5        EV:  9    Int:  4    God:
Gold:   274        SH:  9    Dex: 11    Spells: 5/5 levels left

rFire    . . .     SeeInvis .     - Unarmed
rCold    . . .     Gourm    +   b - +0 shield
rNeg     . . .     Faith    .   a - +0 robe
rPois    .         Spirit   .   (helmet restricted)
rElec    .         Reflect  .   (no cloak)
rCorr    .         Harm     .   (gloves unavailable)
MR       .....                  (boots unavailable)
Stlth    +.........             (no amulet)
HPRegen  0.60/turn              (no ring)
MPRegen  0.09/turn              (no ring)

@: lethally poisoned (-4 -> -4), about to teleport, hasted, very quick
A: large, unfitting armour, claws 3, fast metabolism 3, gourmand, regeneration
1, shaggy fur 1, tough skin 2
a: no special abilities


You were on level 5 of the Dungeon.
You were not hungry.

You visited 1 branch of the dungeon, and saw 5 of its levels.

You collected 274 gold pieces.

Inventory:

Armour
 a - a +0 robe (worn)
 b - a +0 shield (worn)
 h - a +0 large shield
Jewellery
 l - an uncursed amulet of guardian spirit {unknown}
 o - a +3 ring of slaying {unknown}
 r - an uncursed ring of stealth {unknown}
 s - a +6 ring of protection {unknown}
 v - an uncursed ring of flight {unknown}
 x - a cursed ring of loudness {unknown}
Wands
 y - a wand of flame (25)
 z - a wand of disintegration (16)
Scrolls
 f - a scroll of remove curse {unknown}
 g - 3 scrolls of magic mapping
 i - a scroll of random uselessness
 k - 2 scrolls of fog
 m - a scroll of identify
 q - a scroll of teleportation
 w - a scroll of enchant armour {unknown}
Potions
 c - a potion of might
 e - 2 potions of magic
 j - 3 potions of haste
 n - a potion of lignification {unknown}
 p - a potion of heal wounds {unknown}
 t - a potion of brilliance {unknown}
 u - a potion of degeneration {unknown}
Comestibles
 d - 12 rations


   Skills:
 + Level 3.6 Fighting
 - Level 3.0 Dodging
 + Level 3.6 Shields
 * Level 5.0 Unarmed Combat


You had 5 spell levels left.
You didn't know any spells.
Your spell library was empty.

Dungeon Overview and Level Annotations

Branches:
Dungeon (5/15)             Temple (0/1) D:5

Altars:
Ashenzari
Cheibriados
Dithmenos
Makhleb
Okawaru
Wu Jian
Xom
Zin
The Shining One


Innate Abilities, Weirdness & Mutations

You are too large for most types of armour.
You have claws for hands.
Your metabolism is lightning-fast.
You like to eat raw meat.
Your natural rate of healing is unusually fast.
You are covered in fur. (AC +1)
You have very tough skin. (AC +2)


Message History

q - 2 scrolls of teleportation You feel sick.
You block the killer bee's attack. The killer bee closely misses you.
You block the killer bee's attack. The killer bee stings you.
The killer bee stings you! x2
As you read the scroll of teleportation, it crumbles to dust.
You feel strangely unstable. The killer bee barely misses you.
You block the killer bee's attack. The killer bee barely misses you.
The killer bee closely misses you. The killer bee completely misses you.
The killer bee barely misses you.
It was a potion of magic.
Magic courses through your body. The killer bee stings you. x3
* * * LOW HITPOINT WARNING * * *
The killer bee closely misses you. The killer bee stings you!
* * * LOW HITPOINT WARNING * * *
The killer bee stings you.
* * * LOW HITPOINT WARNING * * *
It was a potion of haste.
You feel yourself speed up.
You feel sick. The killer bee closely misses you.
You block the killer bee's attack. x4
The killer bee stings you.
You die...

************ *,,*,,*,,,
*,,,.......# *,,*,,*,,,
*,,,,......# *,,*,,**+*
*,,,,,y....# *..*,,,,,,
*,,,,,,..y.#######..*******
*,,,,,,,?...........,...,,,
*,,,,,,,,yy§§...........,,,
*********#yy§..........,,,,
#@y§.......#.#####
#§§...............
#§§§..............
#.................
#####.........))......
#.............).......
#.....................
#......#######........
#......# #........


You could see 5 killer bees.

Vanquished Creatures
  A phantom (D:5)
  A howler monkey (D:5)
  2 orc wizards
  An iguana (D:4)
  A worker ant (D:5)
  3 gnolls (D:4)
  6 adders
  4 worms
  3 dart slugs
  3 leopard geckos
  15 orcs
  4 ball pythons (D:3)
  3 giant cockroaches
  8 goblins
  7 hobgoblins
  8 jackals (D:3)
  6 kobolds
  A quokka (D:5)
  6 bats
  8 frilled lizards
  12 rats
103 creatures vanquished.

Notes
Turn   | Place    | Note
-------+----------+-------------------------------------------
     0 | D:1      | iamserjio the Troll Fighter began the quest for the Orb.
     0 | D:1      | Reached XP level 1. HP: 22/22 MP: 0/0
   196 | D:1      | Reached XP level 2. HP: 21/29 MP: 1/1
   410 | D:1      | Reached XP level 3. HP: 36/36 MP: 2/2
   669 | D:2      | Reached skill level 3 in Unarmed Combat
   854 | D:2      | Reached XP level 4. HP: 42/44 MP: 3/3
   944 | D:2      | Found a shimmering altar of Xom.
   946 | D:2      | Found a shimmering altar of Xom.
   946 | D:2      | Found an ornate altar of the Wu Jian Council.
   948 | D:2      | Found an iron altar of Okawaru.
   948 | D:2      | Found a burning altar of Makhleb.
   948 | D:2      | Found a shattered altar of Ashenzari.
  1219 | D:3      | Found a snail-covered altar of Cheibriados.
  1384 | D:3      | Reached XP level 5. HP: 48/53 MP: 4/4
  1694 | D:3      | Found a burning altar of Makhleb.
  1696 | D:3      | Noticed a green death
  1697 | D:3      | Found a glowing silver altar of Zin.
  1697 | D:3      | Noticed an angel
  1823 | D:3      | Reached skill level 4 in Unarmed Combat
  2231 | D:4      | Found a glowing golden altar of the Shining One.
  2315 | D:4      | Found a shadowy altar of Dithmenos.
  2412 | D:5      | Entered Level 5 of the Dungeon
  2412 | D:5      | Noticed a phantom
  2415 | D:5      | Reached XP level 6. HP: 61/61 MP: 5/5
  2492 | D:5      | Reached skill level 5 in Unarmed Combat
  2507 | D:5      | HP: 2/62 [killer bee (6)]
  2508 | D:5      | Slain by a killer bee

Vault maps used:
D:1:      co_arrival_square_in_a_square_in_a_square, serial_aquarium,
          aquarium_bridge_long_joined, aquarium_window_2, aquarium_window_fake,
          aquarium_view_2c, aquarium_view_2d,
          hangedman_abyss_or_decor_lesser_grid, minmay_small_reverse_x
D:2:      kennysheep_big_flooded_room, doesnt_xom_only_xom
D:3:      grunt_temple_overflow_order_and_chaos_2,
          nicolae_overflow_crystal_walls, first_ration, minivault_11,
          saegor_snake_ambush
D:4:      marbit_many_paths, nicolae_tso_carved_into_rock
D:5:      nicolae_qazlal_eye_of_the_storm, okawaru_gym_becter, temple_hall,
          uniq_blork_the_orc

Skill      XL: |  1  2  3  4  5  6 |
---------------+-------------------+-----
Unarmed Combat | 3 4 5 |  5.0
Shields        | 3 |  3.6
Fighting       | 3 |  3.6
Dodging        | 3 |  3.0

Action                   |  1- 3 |  4- 6 || total
-------------------------+-------+-------++-------
Melee: Unarmed           |   117 |   194 ||   311
  Use: Scroll            |       |     5 ||     5
       Potion            |       |     2 ||     2
 Stab: Sleeping          |       |     1 ||     1
  Eat: Chunk             |     7 |    15 ||    22
Armor: Robe              |    33 |    91 ||   124
Dodge: Dodged            |    43 |    89 ||   132
Block: Shield            |    42 |   114 ||   156

Table legend:
 A = Spawn XP
 B = Non-spawn XP
 C = Spawn XP percentage of total XP
 D = Spawn monster count
 E = Non-spawn monster count
 F = Spawn count percentage of total count
 G = Total turns spent on level
                    A         B        C        D         E        F      G
               +---------+---------+-------+---------+---------+-------+---------
         Total |       0 |     614 |   0.0 |       0 |     103 |   0.0 |  2508
               +---------+---------+-------+---------+---------+-------+---------
           D:1 |       0 |      44 |   0.0 |       0 |      28 |   0.0 |   575
           D:2 |       0 |      64 |   0.0 |       0 |      20 |   0.0 |   551
           D:3 |       0 |     165 |   0.0 |       0 |      40 |   0.0 |   859
           D:4 |       0 |      99 |   0.0 |       0 |       8 |   0.0 |   427
           D:5 |       0 |     242 |   0.0 |       0 |       7 |   0.0 |    96
               +---------+---------+-------+---------+---------+-------+---------
